 Dungeon Crawl Stone Soup version 0.31-a0-851-g7ff8af7976 (webtiles) character file.

Game seed: 16049770789737705722

1895 Gladio the Ruffian (level 8, 0/120 HPs)
             Began as a Troll Shapeshifter on Oct 5, 2023.
             Was an Initiate of Ru.
             Succumbed to a hornet's poison
             ... on level 6 of the Dungeon.
             The game lasted 00:13:54 (3651 turns).

Gladio the Ruffian (Troll Shapeshifter)             Turns: 3651, Time: 00:13:54

Health: 0/120      AC:  2    Str: 23    XL:     8   Next: 93%
Magic:  7/7        EV: 15    Int:  4    God:    Ru [......]
Gold:   153        SH:  5    Dex: 11    Spells: 7/7 levels left

rFire   . .          .
                       - Unarmed
rCold   . . .        (no shield)
rNeg    . . .        (body armour restricted)
rPois   .            (helmet currently unavailable)
rElec   .            (cloak currently unavailable)
rCorr   .            (gloves unavailable)
SInv    .            (boots unavailable)
Will    .....        l - amulet of reflection Stlth
                     s - +5 ring of evasion
HPRegen 1.20/turn    (no ring)
MPRegen 0.10/turn

%: reflection
@: berserking (expiring), lethally poisoned (0 -> -2), beast-form, slowed
A: beast (slay +3), large, unfitting armour, claws 3, dopey 1, regeneration 1,
shaggy fur 1, tough skin 1
a: Begin Untransformation, Renounce Religion


You were on level 6 of the Dungeon.
You worshipped Ru.
Ru was noncommittal.
You were a hulking beast.
You visited 1 branch of the dungeon, and saw 6 of its levels.
You also visited: Ossuary.

You collected 387 gold pieces.
You spent 234 gold pieces at shops.

Inventory:

Missiles
 z - a throwing net
Jewellery
 l - an amulet of reflection (around neck)
 s - a +5 ring of evasion (left claw)
 w - a ring of see invisible
Talismans
 c - a beast talisman (active)
 d - a flux talisman
 k - a maw talisman
 x - a blade talisman
Wands
 o - a wand of flame (11)
Scrolls
 a - 2 scrolls of vulnerability
 f - 3 scrolls of teleportation
 j - 3 scrolls of noise
 n - a scroll of blinking
 q - a scroll of revelation
 r - 3 scrolls of amnesia
 t - 2 scrolls of immolation
 v - a scroll of identify
 y - a scroll of enchant weapon
 D - a scroll of fog {unknown}
 E - a scroll of summoning {unknown}
Potions
 b - 2 potions of lignification
 e - 2 potions of magic
 g - 7 potions of curing
 h - 3 potions of brilliance
 i - 2 potions of mutation
 m - 2 potions of degeneration
 p - 4 potions of attraction
 u - a potion of haste
 A - 2 potions of might
 C - a potion of enlightenment {unknown}


   Skills:
 * Level 5.1 Fighting
 + Level 4.0 Dodging
 * Level 6.9 Unarmed Combat
 * Level 6.3 Shapeshifting


You had 7 spell levels left.
You didn't know any spells.
Your spell library contained the following spells:

 Spells                   Type           Power      Damage    Failure   Level
 Magic Dart               Conj           0%         1d3       50%         1
 Call Imp                 Summ           0%         N/A       65%         2
 Gell's Gravitas          Tloc           0%         N/A       86%         3
 Mephitic Cloud           Conj/Pois/Air  0%         N/A       86%         3
 Teleport Other           Tloc           0%         N/A       86%         3
 Dispersal                Tloc           0%         N/A       100%        6


Dungeon Overview and Level Annotations

Branches:
Dungeon (6/15)            Ossuary (visited)
 Temple: D:4-7

Altars:
Ashenzari
Cheibriados
Elyvilon
Gozag
Makhleb
Qazlal
Ru
Vehumet
Wu Jian
Xom
Zin
The Shining One

Shops:
D:5 !


Innate Abilities, Weirdness & Mutations

You are a hulking beast.
Your limbs bulge with bestial killing power. (Slay +3)
You are too large for most types of armour.
You have claws for hands.
You are dopey. (Int -2)
Your natural rate of healing is unusually fast.
You are covered in fur. (AC +1)
You have tough skin. (AC +1)


Message History

You feel as though you will be slow longer.
The hornet stings you but does no damage.
A red film seems to cover your vision as you go berserk!
You feel yourself moving faster!
You feel mighty! The hornet closely misses you. The hornet stings you.
* * * LOW HITPOINT WARNING * * *
You suddenly lose the ability to move!
The hornet stings you.
* * * LOW HITPOINT WARNING * * *
You feel as though you will be slow longer.
You can move again.
You barely miss the hornet.
The hornet is heavily wounded.
The hornet misses you. The hornet barely misses you.
You closely miss the hornet.
The hornet is heavily wounded.
The hornet closely misses you.
You closely miss the hornet.
The hornet is heavily wounded.
The hornet closely misses you.
You closely miss the hornet.
The hornet is heavily wounded.
The hornet stings you!
* * * LOW HITPOINT WARNING * * *
You feel as though you will be slow longer.
You claw the hornet!
The hornet is almost dead.
The hornet stings you!
* * * LOW HITPOINT WARNING * * *
You are lethally poisoned!
You feel as though you will be slow longer.
The hornet barely misses you.
You barely miss the hornet. You claw the hornet.
You kill the hornet!
* * * LOW HITPOINT WARNING * * *
You feel very sick.
Your Fighting skill increases to level 5!
Your Dodging skill increases to level 4!
You closely miss the scorpion.
You die...

## #.# #.##
#..## . ##..##
.. #### ##..#
)..#...## ##.#
##......## #.#
.........# #.##
#...$...###h.#
#...$.....s..#
..#.....#######
.........
.........#
.........#
..#.....## .
##..!.. .###..


You could see a scorpion.

Vanquished Creatures
  A hornet (D:6)
  A water moccasin (D:5)
  2 hornet zombies (Ossuary)
  A centaur (D:5)
  2 water moccasin zombies (Ossuary)
  2 bullfrog zombies (Ossuary)
  3 centaur zombies (Ossuary)
  A jelly (D:4)
  5 hounds
  18 mummies (Ossuary)
  A gnoll bouda (D:5)
  2 iguanas
  2 orc wizards
  A killer bee zombie (Ossuary)
  2 howler monkey zombies (Ossuary)
  13 adders
  6 gnolls
  2 white imps (D:5)
  4 worms
  5 dart slugs
  8 orcs
  3 bats
  6 endoplasms
  3 giant cockroaches
  4 goblins
  13 hobgoblins
  9 kobolds
  3 quokkas
  8 ball pythons
  A frilled lizard (D:1)
  A goblin zombie (D:5)
  A quokka zombie (D:5)
  3 rats (D:1)
137 creatures vanquished.

Notes
Turn   | Place    | Note
-------+----------+-------------------------------------------
     0 | D:1      | Gladio the Troll Shapeshifter began the quest for the Orb.
     0 | D:1      | Reached XP level 1. HP: 18/18 MP: 0/0
    36 | D:1      | Reached skill level 1 in Fighting
    39 | D:1      | Reached XP level 2. HP: 26/27 MP: 1/1
    73 | D:1      | Found a faded altar of an unknown god.
   169 | D:1      | Prayed at the altar of an unknown god.
   169 | D:1      | Became a worshipper of Ashenzari the Shackled
   720 | D:2      | Reached XP level 3. HP: 33/33 MP: 2/2
   909 | D:2      | Reached XP level 4. HP: 42/42 MP: 3/3
  1427 | D:3      | Reached XP level 5. HP: 49/49 MP: 4/4
  1883 | D:4      | Reached * piety under Ashenzari
  1953 | D:4      | Reached XP level 6. HP: 59/59 MP: 5/5
  2412 | D:4      | Found a snail-covered altar of Cheibriados.
  2508 | D:5      | Entered Level 5 of the Dungeon
  2508 | D:5      | Found Gueck's Distillery.
  2522 | D:5      | Bought a potion of might for 52 gold pieces
  2522 | D:5      | Bought a potion of berserk rage for 65 gold pieces
  2522 | D:5      | Bought a potion of might for 52 gold pieces
  2522 | D:5      | Bought a potion of heal wounds for 65 gold pieces
  2560 | D:5      | Found a glowing silver altar of Zin.
  2561 | D:5      | Found a radiant altar of Vehumet.
  2561 | D:5      | Noticed a water moccasin
  2562 | D:5      | Found an ornate altar of the Wu Jian Council.
  2562 | D:5      | Found a sacrificial altar of Ru.
  2563 | D:5      | Found a burning altar of Makhleb.
  2563 | D:5      | Found a stormy altar of Qazlal.
  2566 | D:5      | Killed a water moccasin
  2567 | D:5      | Reached skill level 5 in Unarmed Combat
  2567 | D:5      | Reached XP level 7. HP: 67/67 MP: 6/6
  2579 | D:5      | Found a broken altar of Ashenzari.
  2580 | D:5      | Found a glowing golden altar of the Shining One.
  2580 | D:5      | Found a shimmering altar of Xom.
  2582 | D:5      | Found a white marble altar of Elyvilon.
  2592 | D:5      | Fell from the grace of Ashenzari
  2592 | D:5      | Became a worshipper of Ru the Awakened
  2632 | D:5      | Found a sand-covered staircase.
  2642 | Ossuary  | Entered an ossuary
  2681 | Ossuary  | Reached skill level 5 in Shapeshifting
  2809 | Ossuary  | Reached XP level 8. HP: 48/78 MP: 7/7
  3246 | D:5      | Was forgiven by Ashenzari
  3431 | D:5      | Gained mutation: You are dopey. (Int -2) [Ru sacrifice]
  3475 | D:5      | Found an opulent altar of Gozag.
  3630 | D:6      | Noticed a hornet
  3635 | D:6      | Paralysed by a hornet for 3 turns
  3643 | D:6      | Paralysed by a hornet for 2 turns
  3649 | D:6      | HP: 3/118 [hornet (8)]
  3650 | D:6      | Killed a hornet
  3650 | D:6      | HP: 1/118 [poisoned by a hornet]
  3651 | D:6      | Reached skill level 5 in Fighting
  3651 | D:6      | Succumbed to a hornet's poison

Illustrated notes

Levels and vault maps discovered:
D:1:      ldierk_walled_garden_2, layout_rooms,
          chequers_ecumenical_altar_simple_redux, nicolae_twisty_statue_hallways
D:2:      layout_rooms
D:3:      layout_loops_cross
D:4:      layout_gridville, mainiacjoe_overflow_surrounded_room
D:5:      layout_cave_pools, nicolae_overflows_in_rows,
          mainiacjoe_overflow_alcove_4, enter_ossuary_4, serial_shops, shop
D:6:      layout_rooms, uniq_edmund, uniq_maggie

Skill      XL: |  1  2  3  4  5  6  7  8 |
---------------+-------------------------+-----
Fighting       | 1 2 3 4 5 |  5.1
Dodging        | 2 3 4 |  4.0
Unarmed Combat | 4 5 6 |  6.9
Shapeshifting  | 4 5 6 |  6.3

Action                     |  1- 3 |  4- 6 |  7- 9 || total
---------------------------+-------+-------+-------++-------
  Melee: Unarmed           |    72 |   144 |   208 ||   424
         Punch             |     1 |     5 |     7 ||    13
 Invoke: Curse Item        |       |     2 |       ||     2
         Sacrifice Purity  |       |       |     1 ||     1
  Evoke: Wand              |       |       |     2 ||     2
    Use: Scroll            |       |     3 |     3 ||     6
         Potion            |       |       |     7 ||     7
   Stab: Sleeping          |     1 |       |       ||     1
         Distracted        |       |       |     1 ||     1
 Armour: Animal skin       |    31 |    61 |       ||    92
         Skin              |       |       |   117 ||   117
  Dodge: Dodged            |    32 |    90 |   134 ||   256
  Block: Other             |       |       |     1 ||     1

Table legend: (Time is in decaauts)
 A = Elapsed time spent in this place.
 B = Non-inter-level travel time spent in this place.
 C = Inter-level travel time spent in this place.
 D = Time resting spent in this place.
 E = Time spent auto-exploring this place.
 F = Levels seen in this place.
 G = Mean time per level.
                   A        B        C        D        E       F      G
               +--------+--------+--------+--------+--------+-----+--------+
         Total |   3620 |   3278 |    342 |      0 |   2419 |   7 |  517.1 |
       Dungeon |   3165 |   2823 |    342 |      0 |   2208 |   6 |  527.5 |
       Ossuary |    455 |    455 |      0 |      0 |    211 |   1 |  455.0 |
               +--------+--------+--------+--------+--------+-----+--------+

Top non-repeatable levels by time:
     D:1: 706 daAuts
     D:3: 702 daAuts
     D:4: 674 daAuts
     D:5: 593 daAuts
 Ossuary: 455 daAuts
     D:2: 407 daAuts
     D:6: 80 daAuts
